 Seeded DCSS version 0.29.0-4-gdea44cf6ec (webtiles) character file.

Game seed: 1 (custom seed)

283532 Kazon the Warrior (level 20, -4/195 HPs)
             Began as a Gargoyle Berserker on Aug 24, 2022.
             Was the Champion of Trog.
             Slain by a deep elf blademaster
             ... wielding a +0 rapier
              (13 damage)
             ... on level 3 of the Elven Halls on Aug 26, 2022.
             The game lasted 04:29:02 (29764 turns).

Kazon the Warrior (Gargoyle Berserker)             Turns: 29764, Time: 04:29:03

Health: -4/195     AC: 31    Str: 27    XL:     20   Next: 96%
Magic:  6/6        EV: 19    Int:  9    God:    Trog [******]
Gold:   2669       SH:  0    Dex: 19    Spells: 19/19 levels left

rFire   + . .      SeeInvis +   c - +11 triple sword of Agony {antimagic, rPois rF+ rN++ Str-2}
rCold   + . .      Faith    .   (shield currently unavailable)
rNeg    + + +      Spirit   .   J - +2 troll leather armour
rPois   ∞          Reflect  .   (helmet restricted)
rElec   +          Harm     .   L - +2 cloak of Scuffed Satisfaction {rElec Str+5 Stlth-}
rCorr   .          Rampage  .   j - +0 pair of gloves of Erepn {Regen+ Dex+2 Stlth+}
Will    +++..      Clarity  +   m - +2 pair of boots
Stlth   ..........              d - amulet of regeneration
HPRegen 3.82/turn               p - ring of see invisible
MPRegen 0.10/turn               M - ring "Azxilac" {+Blink rPois rC+ Int-3 Dex+6}

@: berserking, strong-willed, flying, regenerating, very quick
A: sickness immunity, AC +15, big wings, negative energy resistance 1,
electricity resistance, torment resistance 1, petrification resistance, horns 1,
talons 1, clarity, noise suppression
}: 1/15 runes: gossamer
a: Renounce Religion, Evoke Blink, Berserk, Trog's Hand, Brothers in Arms


You were on level 3 of the Elven Halls.
You worshipped Trog.
Trog was exalted by your worship.
You visited 6 branches of the dungeon, and saw 31 of its levels.
You also visited: Gauntlet and Ice Cave.

You collected 3516 gold pieces.
You spent 847 gold pieces at shops.

Inventory:

Hand Weapons
 c - the +11 triple sword of Agony (weapon) {antimagic, rPois rF+ rN++ Str-2}
   (Trog gifted it to you in an ice cave)

   It reduces the magical energy of the wielder, and disrupts the spells and
   magical abilities of those it strikes.
   Natural abilities and divine invocations are not affected.
   Str:       It affects your strength (-2).
   rF:        It protects you from fire.
   rPois:     It protects you from poison.
   rN:        It greatly protects you from negative energy.
 q - the +6 shillelagh "Devastator" {shatter}
   (You found it on level 6 of the Dungeon)

   It releases a powerful concussive burst when it strikes, dealing extra damage
   to the target and all other foes adjacent to them.
 s - the +3 falchion of Winter {venom, rCorr}
   (You bought it in a shop on level 3 of the Dungeon)

   It poisons the flesh of those it strikes.
   rCorr:     It protects you from acid and corrosion.
 v - a +6 vampiric demon whip
Missiles
 h - 7 poisoned darts
 z - 2 boomerangs of dispersal
 E - 5 silver javelins
 G - a curare-tipped dart
 N - 20 boomerangs
 P - 16 javelins (quivered)
 U - 9 throwing nets
Armour
 j - the +0 pair of gloves of Erepn (worn) {Regen+ Dex+2 Stlth+}
   (You acquired it on level 1 of the Dungeon)

   Dex:       It affects your dexterity (+2).
   Regen:     It increases your rate of health regeneration.
   Stlth:     It makes you more stealthy.
 m - a +2 pair of boots (worn)
 J - a +2 troll leather armour (worn)
 L - the +2 cloak of Scuffed Satisfaction (worn) {rElec Str+5 Stlth-}
   (You acquired it on level 1 of the Spider Nest)

   Str:       It affects your strength (+5).
   rElec:     It insulates you from electricity.
   Stlth:     It makes you less stealthy.
Jewellery
 d - an amulet of regeneration (around neck)
 p - a ring of see invisible (left hand)
 M - the ring "Azxilac" (right hand) {+Blink rPois rC+ Int-3 Dex+6}
   (You found it in a Gauntlet)

   [ring of dexterity]

   Int:       It affects your intelligence (-3).
   Dex:       It affects your dexterity (+6).
   rC:        It protects you from cold.
   rPois:     It protects you from poison.
   +Blink:    It lets you blink.
Wands
 g - a wand of paralysis (7)
 u - a wand of flame (52)
 y - a wand of mindburst (16)
 B - a wand of digging (9)
 R - a wand of roots (8)
 V - a wand of polymorph (6)
 W - a wand of acid (5)
Scrolls
 a - 2 scrolls of enchant armour
 i - a scroll of silence
 l - 3 scrolls of magic mapping
 n - 6 scrolls of immolation
 w - 7 scrolls of blinking
 D - 4 scrolls of fog
 I - 13 scrolls of teleportation
 K - 12 scrolls of fear
 S - 2 scrolls of poison
Potions
 b - 8 potions of haste
 e - a potion of mutation
 o - a potion of cancellation
 t - a potion of invisibility
 x - 7 potions of ambrosia
 A - 9 potions of curing
 C - 5 potions of heal wounds
 H - 7 potions of lignification
 X - 2 potions of resistance
 Y - 7 potions of might
Miscellaneous
 k - a phantom mirror
 O - a phial of floods
 T - a tin of tremorstones (2/2)


   Skills:
 + Level 15.6 Fighting
 + Level 3.3(8.7) Short Blades
 + Level 12.4(12.6) Long Blades
 + Level 6.6(11.8) Axes
 + Level 14.7(15.4) Maces & Flails
 + Level 6.7(8.0) Polearms
 + Level 11.6 Throwing
 + Level 9.1 Armour
 + Level 10.8 Dodging
 + Level 11.1 Stealth
 + Level 11.1 Shields
 + Level 15.0 Evocations


You had 19 spell levels left.
You didn't know any spells.
Your spell library was empty.

Dungeon Overview and Level Annotations

Branches:
Dungeon (15/15)            Temple (0/1) D:7            Lair (5/5) D:10
 Shoals (2/4) Lair:3       Spider (4/4) Lair:3        Slime (0/5) Lair:4
    Orc (2/2) D:12            Elf (3/3) Orc:2        Vaults (0/5) D:13
 Depths (0/4) D:15          IceCv (visited)         Gauntlet (visited)

Altars:
Elyvilon
Hepliaklqana
Makhleb
Trog
Uskayaw
The Shining One
Jiyva

Shops:
D:3 (   D:7 *   D:9 (   Orc:2 ([*=   Elf:1 **

Annotations:
D:9 3 runed translucent doors, Iusername's ghost, novice MiFi
D:12 2 transporters, Anyutwal's ghost, journeyman HOFi
D:14 1 runed translucent door
D:15 3 runed translucent doors, gelatine's ghost, journeyman DsGl
Lair:4 2 transporters, pdpol's ghost, journeyman MiFi
Spider:2 Mlioglotl


Innate Abilities, Weirdness & Mutations

You are immune to sickness and miasma.
Your stone body is resilient. (AC +15)
You are immune to poison.
Your large and strong wings let you fly.
You resist negative energy. (rN+)
You are resistant to electric shocks. (rElec)
You are resistant to unholy torment.
You are immune to petrification.
You have a pair of small horns on your head.
You have sharp toenails.
You possess an exceptional clarity of mind.
You passively dampen the noise of your surroundings.


Message History

The deep elf annihilator blinks!
Your cyclops hits the deep elf death mage!!
You carve the deep elf blademaster like a ham!!!
Your headbutt misses the deep elf blademaster.
The deep elf blademaster is heavily wounded.
The deep elf blademaster completely misses you.
The deep elf blademaster hits you with a +0 rapier!!
* * * LOW HITPOINT WARNING * * *
The deep elf annihilator mumbles some strange words.
The deep elf annihilator blinks!
The deep elf annihilator gestures wildly while chanting.
The deep elf annihilator blinks!
An arrow appears from out of your range of vision.
The arrow hits your cyclops!! The arrow burns your cyclops!
You closely miss the deep elf blademaster.
The deep elf blademaster is heavily wounded.
The deep elf blademaster hits you with a +0 rapier!
* * * LOW HITPOINT WARNING * * *
The deep elf blademaster hits you but does no damage.
An arrow appears from out of your range of vision.
The arrow hits your cyclops!! The arrow burns your cyclops!
Your cyclops dies!
Your cyclops's corpse disappears in a puff of smoke!
You barely miss the deep elf death mage.
The deep elf death mage is heavily wounded.
The deep elf blademaster misses you.
The deep elf blademaster hits you but does no damage. x2
The deep elf blademaster hits you with a +0 rapier.
* * * LOW HITPOINT WARNING * * *
The deep elf annihilator misses you. The deep elf death mage misses you.
You miss the deep elf annihilator. You headbutt the deep elf annihilator.
The deep elf annihilator is severely wounded.
The deep elf blademaster hits you with a +0 rapier!
* * * LOW HITPOINT WARNING * * *
The deep elf blademaster hits you with a +0 rapier!
* * * LOW HITPOINT WARNING * * *
Unknown command.
The deep elf blademaster attacks as you move away!
The deep elf blademaster hits you with a +0 rapier!
You die...

2# .... #. .# ... #. .# ##.## #.
.# ##)§§## #. .# ##.§...## #. .#
#...).).# #. .# ##.....## #. .#
##eee## #.
######@###############.
...................).... ..
........................
.########'########...###########.
.#.......... #...#.........#.
.#.......... #...#.........#.
.#.......... #...#.........#.
.#.......... #...#.........'.
.#.......... #...#.........#)


You could see a deep elf blademaster, a deep elf annihilator (magic disrupted)
and a deep elf death mage.

Vanquished Creatures
  Rupert (Lair:5)
  Polyphemus (Shoals:2)
  A deep elf blademaster (Elf:3)
  Kirke (Spider:2)
  Roxanne (Shoals:1)
  Donald (Spider:2)
  Ilsuiw (Shoals:2)
  3 deep elf sorcerers (Elf:3)
  3 ghost moths (Spider:4)
  10 emperor scorpions
  A cacodemon (Gauntlet)
  An orc warlord (Orc:2)
  A deep elf elementalist (Elf:3)
  2 broodmothers
  2 deep elf demonologists
  2 deep elf annihilators (Elf:3)
  A spark wasp (Spider:4)
  A minotaur (Gauntlet)
  6 entropy weavers
  Snorg (Lair:4)
  2 merfolk impalers (Shoals:2)
  4 merfolk javelineers (Shoals:2)
  The ghost of Zapai the Nimble, a journeyman DgAr (Lair:2)
  2 vault guards (D:13)
  A rakshasa (D:15)
  5 hydras
  The ghost of slphil the Fighter, a novice OgNe of Kikubaaqudgha (D:8)
  3 radroaches
  An ice dragon (D:13)
  A catoblepas (Shoals:2)
  A hell beast (Gauntlet)
  4 boulder beetles
  An anaconda (shapeshifter) (D:14)
  2 merfolk avatars
  2 two-headed ogres
  Erica (Lair:1)
  5 centaur warriors
  A jorogumo (Spider:3)
  25 dancing weapons
  A satyr (Shoals:2)
  A merfolk aquamancer (Shoals:2)
  2 tengu warriors
  21 death yaks
  The ghost of bajaj10 the Nimble, a novice GnGl of Ashenzari (D:8)
  2 orc high priests (Orc:2)
  16 deep elf knights
  Sonja (Orc:1)
  The ghost of robth the Martial Artist, a novice OpTm of Hepliaklqana (D:8)
  The ghost of turdburglar the Grappler, a novice TrTm of Dithmenos (D:8)
  A fire crab (Lair:5)
  Amaemon (D:10)
  9 pharaoh ants
  5 skeletal warriors (D:15)
  14 steelbarb worms
  2 sun moths
  2 wizards
  3 sea snakes
  7 orb spiders
  9 deep elf archers
  6 harpies
  5 spectral wolf spiders (Spider:1)
  4 orc knights
  38 deep elf pyromancers
  25 deep elf zephyrmancers
  The ghost of unrecovered the Thaumaturge, a novice DECj of Vehumet (D:8)
  11 ugly things
  2 necromancers
  20 wolf spiders
  6 wolf spider zombies (Spider:1)
  7 fauns
  8 orc sorcerers
  6 moths of wrath
  3 cyclopes
  5 manticores
  3 merfolk sirens
  4 black mambas
  A centaur zombie (D:15)
  9 elephants (Lair:5)
  3 water nymphs
  3 ice statues (IceCv)
  3 torpor snails
  A naga mage (D:15)
  2 orange demons
  4 unseen horrors
  3 gargoyles
  A centaur skeleton (D:15)
  Maggie (D:7)
  A freezing wraith (IceCv)
  9 komodo dragons
  3 demonic crawlers (Spider:2)
  2 efreet (D:13)
  14 cane toads
  2 hellwings (D:11)
  A red devil (D:11)
  12 meliai
  16 merfolk
  7 trolls
  6 polar bears (Lair:5)
  6 hornets
  3 wind drakes
  24 tarantellas
  2 wolf spider simulacra (Spider:1)
  8 blink frogs
  11 slime creatures
  2 dream sheep (Lair:5)
  4 snapping turtles (Shoals:2)
  19 culicivoras
  9 water elementals
  35 jumping spiders
  A shadow (D:11)
  4 wyverns
  15 spriggans
  An air elemental (Elf:1)
  A dire elephant simulacrum (IceCv)
  2 vampires
  A hog (Spider:2)
  A basilisk (shapeshifter) (D:14)
  2 wraiths (D:11)
  Eustachio (D:4)
  3 basilisks
  13 yaks
  2 fire elementals
  21 humans (D:13)
  3 neqoxecs (Gauntlet)
  2 steam dragons
  3 vampire mosquitoes
  4 death yak simulacra
  81 redbacks
  4 wargs
  A harpy simulacrum (IceCv)
  An acid dragon (D:14)
  2 hell hounds (Gauntlet)
  Duvessa (D:5)
  A hydra simulacrum (IceCv)
  A water moccasin (shapeshifter) (D:13)
  12 water moccasins
  32 orc warriors
  3 ice beasts
  A black bear (shapeshifter) (D:15)
  6 boggarts
  7 black bears
  8 ogres
  2 centaurs (D:8)
  28 wolves
  2 phantoms
  2 kobold brigands
  12 bullfrogs
  A cane toad simulacrum (IceCv)
  5 scorpions
  2 necrophages (D:5)
  5 earth elementals
  2 gnoll sergeants
  5 wights (D:7)
  Dowan (D:5)
  12 killer bees
  2 elephant simulacra
  2 electric eels
  4 howler monkeys
  5 quasits (D:11)
  8 hounds
  11 jellies
  A gnoll bouda (D:8)
  30 orc priests
  4 iguanas
  33 orc wizards
  A boggart zombie (D:15)
  A spriggan simulacrum (Orc:2)
  Natasha (thrice) (D:4)
  2 wolf simulacra
  20 gnolls
  2 adders (D:2)
  4 naga simulacra (Orc:2)
  An ufetubus (D:4)
  2 worms
  3 dart slugs
  108 orcs
  10 endoplasms
  A giant cockroach (D:1)
  8 goblins
  12 hobgoblins
  7 jackals
  19 kobolds
  4 quokkas
  5 ball pythons
  2 bats
  4 frilled lizards
  5 rats
1229 creatures vanquished.

Vanquished Creatures (collateral kills)
  A deep elf blademaster (Elf:2)
  An emperor scorpion (Spider:2)
  A deep elf elementalist (Elf:3)
  A deep elf annihilator (Elf:3)
  An orc high priest (Orc:2)
  3 dancing weapons (Elf:2)
  A deep elf knight (Elf:2)
  An orb spider (Spider:4)
  A deep elf archer (Elf:2)
  A deep elf zephyrmancer (Elf:2)
  An orc sorcerer (Orc:2)
  An orc knight (Orc:2)
  A wolf spider (Spider:4)
  A hog (Spider:2)
  An orc warrior (Orc:2)
  An orc wizard (Orc:2)
18 creatures vanquished.

Vanquished Creatures (others)
  A radroach (Spider:1)
  2 deep elf knights (Elf:2)
  An orb spider (Spider:2)
  A deep elf zephyrmancer (Elf:1)
  An ugly thing (D:15)
  4 humans (Spider:2)
  An orc warrior (Orc:2)
  2 orcs (D:5)
  13 fungi
  33 plants
59 creatures vanquished.

Grand Total: 1306 creatures vanquished

Notes
Turn   | Place    | Note
-------+----------+-------------------------------------------
     0 | D:1      | Kazon the Gargoyle Berserker began the quest for the Orb.
     0 | D:1      | Reached XP level 1. HP: 14/14 MP: 1/1
    33 | D:1      | Identified a scroll of acquirement
    33 | D:1      | Acquired the +0 pair of gloves of Erepn {Regen+ Dex+2
                  | Stlth+}
   140 | D:1      | Reached XP level 2. HP: 17/19 MP: 2/2
   665 | D:3      | Found Umat's Antique Weapon Boutique.
   749 | D:2      | Reached XP level 3. HP: 19/23 MP: 3/3
  1149 | D:2      | Reached ** piety under Trog
  1242 | D:2      | Reached XP level 4. HP: 28/28 MP: 4/4
  1442 | D:3      | Bought a crude falchion for 184 gold pieces
  1442 | D:3      | Identified the +3 falchion of Winter {venom, rCorr} (You
                  | bought it in a shop on level 3 of the Dungeon)
  1850 | D:4      | Upgraded the game from 0.29.0 to 0.29.0-3-gbb0933ed62
  1896 | D:4      | Noticed Eustachio
  1917 | D:4      | Killed Eustachio
  1918 | D:4      | Reached skill level 1 in Short Blades
  1918 | D:4      | Reached skill level 1 in Long Blades
  1918 | D:4      | Reached skill level 1 in Throwing
  1918 | D:4      | Reached skill level 1 in Stealth
  1918 | D:4      | Reached XP level 5. HP: 33/33 MP: 5/5
  1918 | D:4      | Reached XP level 6. HP: 38/38 MP: 6/6
  2095 | D:4      | Reached XP level 7. HP: 41/44 MP: 7/7
  2191 | D:4      | Noticed Natasha
  2199 | D:4      | Killed Natasha
  2213 | D:4      | Reached *** piety under Trog
  2625 | D:4      | Noticed Natasha
  2627 | D:4      | Reached skill level 5 in Fighting
  2627 | D:4      | Reached skill level 1 in Evocations
  2639 | D:4      | Killed Natasha
  2651 | D:4      | Reached XP level 8. HP: 49/49 MP: 8/8
  2803 | D:4      | Noticed Natasha
  2807 | D:4      | Killed Natasha
  2884 | D:4      | Found a hazy altar of Hepliaklqana.
  2907 | D:5      | Entered Level 5 of the Dungeon
  3075 | D:5      | Reached skill level 5 in Long Blades
  3222 | D:5      | Noticed Dowan
  3222 | D:5      | Noticed Duvessa
  3244 | D:5      | Killed Duvessa
  3245 | D:5      | Reached **** piety under Trog
  3273 | D:5      | Killed Dowan
  3653 | D:6      | Reached XP level 9. HP: 56/56 MP: 9/9
  3677 | D:6      | Found the +6 shillelagh "Devastator" {shatter}
  3932 | D:6      | Reached skill level 5 in Armour
  4199 | D:7      | Found a white marble altar of Elyvilon.
  4203 | D:7      | Noticed Maggie
  4204 | D:7      | Found a hide-covered altar of Uskayaw.
  4210 | D:7      | Killed Maggie
  4580 | D:7      | Found a staircase to the Ecumenical Temple.
  4591 | D:7      | Reached skill level 5 in Maces & Flails
  4593 | D:7      | Reached XP level 10. HP: 63/63 MP: 10/10
  4968 | D:7      | Found Binerhev's Lightly-Used Armoury.
  5234 | D:8      | Killed an unseen horror
  5257 | D:8      | Reached ***** piety under Trog
  5275 | D:8      | Reached skill level 5 in Evocations
  5302 | D:8      | Noticed a gargoyle
  5306 | D:8      | Killed a gargoyle
  5312 | D:8      | Identified the +6 great sword of the Gloaming {distort, rC+
                  | Will+ Dex+4}
  5359 | D:8      | Noticed a gargoyle
  5363 | D:8      | Killed a gargoyle
  5565 | D:8      | Reached XP level 11. HP: 69/69 MP: 11/11
  5568 | D:8      | Found a runed translucent gate.
  5568 | D:8      | Found a runed translucent gate.
  5568 | D:8      | Found a runed translucent gate.
  5572 | D:8      | Noticed slphil's ghost (novice OgNe)
  5572 | D:8      | Noticed turdburglar's ghost (novice TrTm)
  5889 | D:8      | Noticed robth's ghost (novice OpTm)
  5889 | D:8      | Noticed bajaj10's ghost (novice GnGl)
  5890 | D:8      | Noticed unrecovered's ghost (novice DECj)
  6172 | D:9      | Found Sudgh's Antique Weapon Shop.
  6264 | D:9      | Received a gift from Trog
  6385 | D:9      | Found a runed translucent gate.
  6386 | D:9      | Found a runed translucent gate.
  6387 | D:9      | Found a runed translucent gate.
  6480 | D:9      | Found a viscous altar of Jiyva.
  6480 | D:9      | Noticed Iusername's ghost (novice MiFi)
  6497 | D:10     | Entered Level 10 of the Dungeon
  6754 | D:10     | Noticed Amaemon
  6759 | D:10     | Killed Amaemon
  6858 | D:10     | Noticed a death yak
  6859 | D:10     | Noticed a death yak
  6876 | D:10     | Killed a death yak
  6877 | D:10     | Noticed a death yak
  6881 | D:10     | Noticed a death yak
  6882 | D:10     | Killed a death yak
  6906 | D:10     | Noticed a death yak
  6908 | D:10     | Killed a death yak
  6914 | D:10     | Killed a death yak
  6919 | D:10     | Killed a death yak
  6949 | D:10     | Found a staircase to the Lair.
  7219 | Lair:1   | Entered Level 1 of the Lair of Beasts
  7245 | D:10     | Reached skill level 10 in Fighting
  7245 | D:10     | Reached XP level 12. HP: 29/77 MP: 12/12
  7649 | D:11     | Reached skill level 1 in Axes
  7911 | D:11     | Reached skill level 5 in Throwing
  8107 | D:12     | Noticed a two-headed ogre
  8111 | D:12     | Killed a two-headed ogre
  8123 | D:12     | Noticed a four-headed hydra
  8130 | D:12     | Reached skill level 10 in Maces & Flails
  8130 | D:12     | Killed a four-headed hydra
  8169 | D:12     | Reached skill level 5 in Dodging
  8224 | D:12     | Found a gate leading to a gauntlet.
  8235 | Gauntlet | Entered a Gauntlet
  8235 | Gauntlet | Found a transporter.
  8239 | Gauntlet | Noticed a hell beast
  8244 | Gauntlet | Found a transporter.
  8245 | Gauntlet | Found a transporter.
  8246 | Gauntlet | Found a transporter.
  8249 | Gauntlet | Found a transporter.
  8250 | Gauntlet | Found a transporter.
  8252 | Gauntlet | Noticed a cacodemon
  8254 | Gauntlet | Found a runed translucent door.
  8255 | Gauntlet | Found a runed translucent door.
  8259 | Gauntlet | Found a transporter.
  8259 | Gauntlet | Found the +12 glaive of Prune {vorpal}
  8262 | Gauntlet | Noticed a ghost crab
  8296 | Gauntlet | Identified the ring "Azxilac" {+Blink rPois rC+ Int-3
                  | Dex+6}
  8298 | Gauntlet | Found a runed translucent door.
  8307 | Gauntlet | Killed a hell beast
  8359 | Gauntlet | Gained mutation: You are frail. (-10% HP) [a cacodemon]
  8377 | Gauntlet | Gained mutation: You sometimes lose your temper in combat.
                  | [a cacodemon]
  8378 | Gauntlet | Killed a cacodemon
  8386 | Gauntlet | Noticed a four-headed hydra
  8398 | Gauntlet | Identified the ring "Mishoal" {*Corrode rElec rPois AC+4
                  | Str+2}
  8453 | Gauntlet | Noticed a minotaur
  8468 | Gauntlet | Killed a minotaur
  8560 | D:12     | Found a staircase to the Orcish Mines.
  8677 | D:12     | Noticed Anyutwal's ghost (journeyman HOFi)
  8874 | D:12     | Found a transporter.
  8874 | D:12     | Found a transporter.
  8963 | D:12     | Noticed a two-headed ogre
  8964 | D:12     | Found a bloodstained altar of Trog.
  8975 | D:12     | Noticed a two-headed ogre
  9026 | D:12     | Lost mutation: You sometimes lose your temper in combat.
                  | [potion of mutation]
  9026 | D:12     | Lost mutation: You are frail. (-10% HP) [potion of
                  | mutation]
  9026 | D:12     | Gained mutation: You passively dampen the noise of your
                  | surroundings. [potion of mutation]
  9026 | D:12     | Gained mutation: You possess an exceptional clarity of
                  | mind. [potion of mutation]
  9026 | D:12     | Gained mutation: You have a pair of small horns on your
                  | head. [potion of mutation]
  9026 | D:12     | Gained mutation: You have sharp toenails. [potion of
                  | mutation]
  9190 | Lair:1   | Reached skill level 1 in Polearms
  9190 | Lair:1   | Reached XP level 13. HP: 77/84 MP: 13/13
  9215 | Lair:1   | Noticed Erica
  9237 | Lair:1   | Killed Erica
  9720 | Lair:1   | Received a gift from Trog
  9914 | Lair:2   | Reached skill level 1 in Shields
 10252 | Lair:2   | Reached skill level 5 in Stealth
 10263 | Lair:2   | Reached ****** piety under Trog
 10643 | Lair:2   | Found a runed translucent door.
 10711 | Lair:2   | Noticed Zapai's ghost (journeyman DgAr)
 10712 | Lair:2   | Identified the +7 spear of Nidonaen {spect, rF+ rC+++ Will-
                  | Str-4}
 10832 | Lair:2   | Killed Zapai's ghost
 11207 | Lair:3   | Found a staircase to the Shoals.
 11275 | Lair:3   | Reached skill level 10 in Evocations
 11384 | Lair:3   | Found a hole to the Spider Nest.
 12013 | Lair:4   | Noticed Snorg
 12028 | Lair:4   | Killed Snorg
 12048 | Lair:4   | Gained mutation: Your large and strong wings let you fly.
                  | [Gargoyle growth]
 12048 | Lair:4   | Reached XP level 14. HP: 88/91 MP: 14/14
 12296 | Lair:4   | Found a transporter.
 12299 | Lair:4   | Noticed pdpol's ghost (journeyman MiFi)
 12321 | Lair:4   | Found a transporter.
 12496 | Lair:4   | Received a gift from Trog
 12521 | Lair:4   | Found a staircase to the Slime Pits.
 12523 | Lair:4   | Found a viscous altar of Jiyva.
 13081 | Lair:5   | Entered Level 5 of the Lair of Beasts
 13161 | Lair:5   | Noticed Rupert
 13172 | Lair:5   | Paralysed by Rupert for 4 turns
 13186 | Lair:5   | Killed Rupert
 13753 | Lair:5   | Reached skill level 5 in Axes
 13905 | Lair:5   | Identified the ring of Propriety {Fly rElec Will+}
 14009 | Lair:5   | Received a gift from Trog
 14555 | D:8      | Killed slphil's ghost
 14562 | D:8      | Killed robth's ghost
 14575 | D:8      | Killed bajaj10's ghost
 14578 | D:8      | Killed unrecovered's ghost
 14590 | D:8      | Killed turdburglar's ghost
 14591 | D:8      | Reached XP level 15. HP: 90/97 MP: 15/15
 14960 | D:13     | Reached skill level 5 in Shields
 15416 | D:13     | Acquired the +5 buckler of Morality {rPois rC- Regen+
                  | rCorr}
 15452 | D:13     | Received a gift from Trog
 15468 | D:13     | Found a gate to the Vaults.
 16087 | D:14     | Found a runed translucent door.
 16298 | D:15     | Entered Level 15 of the Dungeon
 16358 | D:15     | Noticed gelatine's ghost (journeyman DsGl)
 16672 | D:15     | Found a runed translucent gate.
 16673 | D:15     | Found a runed translucent gate.
 16673 | D:15     | Found a runed translucent gate.
 16816 | D:15     | Found a burning altar of Makhleb.
 16964 | D:15     | Found a staircase to the Depths.
 17234 | Orc:1    | Entered Level 1 of the Orcish Mines
 17254 | Orc:1    | Received a gift from Trog
 17319 | Orc:1    | Paralysed by an orc sorcerer for 2 turns
 17323 | Orc:1    | Noticed Sonja
 17334 | Orc:1    | Killed Sonja
 17335 | Orc:1    | Reached XP level 16. HP: 104/104 MP: 16/16
 17793 | Orc:2    | Entered Level 2 of the Orcish Mines
 17793 | Orc:2    | Found a staircase to the Elven Halls.
 17988 | Orc:2    | Found a frozen archway.
 18016 | IceCv    | Entered an ice cave
 18032 | IceCv    | Identified the +11 triple sword of Agony {antimagic, rPois
                  | rF+ rN++ Str-2} (Trog gifted it to you in an ice cave)
 18032 | IceCv    | Received a gift from Trog
 18376 | Orc:2    | Paralysed by an orc sorcerer for 5 turns
 18410 | Orc:2    | Reached skill level 5 in Polearms
 18556 | Orc:2    | Identified the +8 great mace of Hysiv {vorpal, Dex+3} (Trog
                  | gifted it to you on level 2 of the Orcish Mines)
 18556 | Orc:2    | Received a gift from Trog
 18620 | Orc:2    | Found Pisuawn's Antique Armour Emporium.
 18621 | Orc:2    | Found Luduu's Antique Weapon Emporium.
 18624 | Orc:2    | Found Leshref's General Store.
 18624 | Orc:2    | Found Geemeife's Jewellery Shoppe.
 18629 | Orc:2    | Bought a spiked leather armour for 161 gold pieces
 18629 | Orc:2    | Identified the +0 leather armour of the Lion {Will- Dex+5}
                  | (You bought it in a shop on level 2 of the Orcish Mines)
 18640 | Orc:2    | Bought a potion of heal wounds for 60 gold pieces
 18640 | Orc:2    | Bought a scroll of fear for 48 gold pieces
 18640 | Orc:2    | Bought a potion of curing for 36 gold pieces
 18960 | Orc:2    | Bought a glowing scale mail for 161 gold pieces
 18960 | Orc:2    | Bought a pair of glowing boots for 172 gold pieces
 19173 | Spider:1 | Entered Level 1 of the Spider Nest
 19992 | Spider:1 | Acquired the +2 cloak of Scuffed Satisfaction {rElec Str+5
                  | Stlth-}
 20763 | Spider:1 | Received a gift from Trog
 21033 | Spider:2 | Noticed Kirke
 21045 | Spider:2 | Killed Kirke
 21087 | Spider:2 | Reached XP level 17. HP: 109/109 MP: 17/17
 21628 | Spider:2 | Noticed Mlioglotl
 21841 | Spider:2 | Noticed Donald
 22001 | Spider:2 | Killed Donald
 22319 | Spider:3 | Received a gift from Trog
 22799 | Spider:4 | Entered Level 4 of the Spider Nest
 23174 | Spider:4 | Reached XP level 18. HP: 116/116 MP: 18/18
 23239 | Spider:4 | Received a gift from Trog
 23250 | Spider:4 | Reached skill level 15 in Evocations
 23666 | Spider:4 | Reached skill level 10 in Shields
 23812 | Spider:4 | Reached skill level 10 in Throwing
 23973 | Spider:4 | Got a gossamer rune of Zot
 24388 | Elf:1    | Entered Level 1 of the Elven Halls
 24661 | Elf:1    | Received a gift from Trog
 24930 | Elf:1    | Reached skill level 10 in Dodging
 25031 | Elf:1    | Found Fulutzeg's CLEARANCE SALE!.
 25040 | Elf:1    | Reached skill level 10 in Stealth
 25045 | Elf:1    | Bought a potion of curing for 15 gold pieces
 25045 | Elf:1    | Bought a scroll of identify for 10 gold pieces
 25070 | Elf:1    | Found Xiukh's General Store.
 25072 | Elf:1    | Paralysed by an air elemental for 1 turns
 25117 | Elf:1    | Reached skill level 10 in Long Blades
 25464 | Elf:2    | Received a gift from Trog
 26053 | Elf:2    | Reached XP level 19. HP: 123/123 MP: 6/19
 26071 | Elf:2    | Found a runed translucent gate.
 26071 | Elf:2    | Found a runed translucent gate.
 26071 | Elf:2    | Found a runed translucent gate.
 26148 | Elf:2    | Reached skill level 15 in Fighting
 26198 | Elf:2    | Upgraded the game from 0.29.0-3-gbb0933ed62 to
                  | 0.29.0-4-gdea44cf6ec
 26278 | Elf:2    | Received a gift from Trog
 26798 | Shoals:1 | Entered Level 1 of the Shoals
 26803 | Shoals:1 | Found a glowing golden altar of the Shining One.
 26828 | Shoals:1 | Identified Roxanne's Almanac of Changing
 26828 | Shoals:1 | Noticed Roxanne
 27180 | Shoals:1 | Reached XP level 20. HP: 129/129 MP: 20/20
 27364 | Shoals:1 | Identified the +6 quarterstaff of Innocence {freeze, Will++
                  | Dex+4 Stlth+}
 27555 | Shoals:1 | Killed Roxanne
 27720 | Shoals:2 | Received a gift from Trog
 28076 | Shoals:2 | Noticed Polyphemus
 28110 | Shoals:2 | Killed Polyphemus
 28355 | Shoals:2 | Noticed Ilsuiw
 28435 | Shoals:2 | Killed Ilsuiw
 28801 | Elf:3    | Entered Level 3 of the Elven Halls
 29164 | Elf:3    | Received a gift from Trog
 29763 | Elf:3    | HP: 9/195 [deep elf blademaster/+0 rapier (10)]
 29764 | Elf:3    | Slain by a deep elf blademaster

Illustrated notes

Levels and vault maps discovered:
D:1:      dpeg_arrival_three_smaller_balls, layout_basic
D:2:      layout_loops_ring
D:3:      layout_basic, serial_shops, nicolae_shop_stone, st_stairs_7
D:4:      minmay_razor_zed, layout_basic, worldfamousw_hep_ancestral_shrine,
          uniq_eustachio, uniq_natasha
D:5:      layout_basic, uniq_duvessa
D:6:      layout_rooms, dilly_guarded_unrand_devastator
D:7:      layout_basic, nicolae_uskayaw_dance_hall,
          mainiacjoe_overflow_six_doors_small,
          minmay_temple_entry_drinking_statues, serial_rivers,
          chequers_serial_rivers_micro_b, chequers_serial_rivers_small_a,
          chequers_serial_rivers_small_a, chequers_serial_rivers_large_a,
          chequers_serial_rivers_micro_a, minmay_shop_damaged, uniq_maggie
D:8:      minmay_tri_box, layout_loops_ring, gammafunk_ghost_cemetery,
          minmay_manual_mares
D:9:      layout_gridville, serial_shops, nicolae_take_the_stairs,
          gammafunk_ghost_ooze, minivault_11
D:10:     layout_roguey, dpeg_lair_monsters, uniq_amaemon
D:11:     layout_cave_pods, serial_demonic, serial_demonic_e, serial_demonic_f,
          serial_demonic_c, serial_demonic_f
D:12:     layout_roguey, david_orc_2, gauntlet_entry_generic,
          gammafunk_ghost_wrathful_warriors
D:13:     layout_cave_pools, grunt_vaults_entry_tiered, amcnicky_mini_pool_small
D:14:     layout_basic, lightli_airlock
D:15:     grunt_enter_depths_magical_seal, layout_loops_cross, bloody_makhleb,
          maelrawn_ghost_gauntlet_escape, minmay_misc_feat_chi
Lair:1:   layout_long_grid, patterned_corridor, grunt_megastairs_3,
          lemuel_fruit_tree, uniq_erica
Lair:2:   layout_gridlike, ebering_ghost_funeral_grove,
          nicolae_lair_run_with_the_wolves, serial_bayou_shore_b
Lair:3:   layout_layer_cave, elwin_shoals_entry_rooms, spider_nest_entry_webs
Lair:4:   layout_layer_cave, minmay_slime_entry_jelly_boxes,
          gammafunk_ghost_berserking_beasts, serial_bayou_shore_b,
          infiniplex_staircase_pool, lemuel_fruit_fields, serial_bayou_shore_a,
          uniq_snorg
Lair:5:   minmay_lair_end_enchanted_forest, layout_regular_city, serial_rivers,
          chequers_serial_rivers_small_3, chequers_serial_rivers_micro_e,
          chequers_serial_rivers_micro_e, chequers_serial_rivers_room_b,
          uniq_rupert
Shoals:1: layout_shoals, lemuel_altar_in_water, nicolae_shoals_wave_tunnel,
          uniq_roxanne
Shoals:2: layout_shoals, uniq_polyphemus, uniq_ilsuiw
Spider:1: layout_chambers, nicolae_spider_undead_wolf_pack
Spider:2: nicolae_spider_corner, uniq_donald, uniq_kirke, uniq_mlioglotl
Spider:3: layout_spider_delve
Spider:4: grunt_spider_rune_circles, drop_trap
Orc:1:    layout_caves, basic_altar, uniq_sonja
Orc:2:    st_orc_congregation, layout_caves, portal_ice_cave_entry_ice_simulacra
Elf:1:    minmay_elf_arrival_circle, layout_loops_corners, serial_shops, shop,
          minmay_elf_demonology, nicolae_shop_clearance
Elf:2:    nicolae_elf_blades_crystal_corner, layout_loops_ring,
          nicolae_concentric_dashed_squares_wild, drop_trap
Elf:3:    grunt_elf_hall_diamonds, layout_onion_city, unseen_surprise_small

Skill      XL: |  1  2  3  4  5  6  7  8  9 10 11 12 13 14 15 16 17 18 19 20 |
---------------+-------------------------------------------------------------+-----
Maces & Flails | 4 5 6 9 11 12 14 | 14.7
Fighting       | 4 5 6 7 8 10 11 12 13 14 15 | 15.6
Short Blades   | 1 2 3 |  3.3
Long Blades    | 1 2 4 5 7 8 10 11 12 | 12.4
Throwing       | 1 2 4 5 6 7 8 9 10 11 | 11.6
Armour         | 3 4 5 7 8 9 |  9.1
Stealth        | 1 2 3 4 5 7 8 9 10 11 | 11.1
Dodging        | 2 3 4 5 6 7 8 9 10 | 10.8
Evocations     | 1 3 4 5 6 8 10 11 13 14 15 | 15.0
Axes           | 2 4 6 |  6.6
Polearms       | 1 3 4 5 6 |  6.7
Shields        | 3 4 6 8 9 10 11 | 11.1

Action                   |  1- 3 |  4- 6 |  7- 9 | 10-12 | 13-15 | 16-18 | 19-21 || total
-------------------------+-------+-------+-------+-------+-------+-------+-------++-------
Melee: Mace              |    88 |       |       |       |       |       |       ||    88
       Dagger            |     4 |    35 |       |     1 |    68 |    17 |       ||   125
       Falchion          |       |    73 |   224 |       |    12 |   439 |     9 ||   757
       Punch             |       |     1 |     4 |     5 |       |       |     1 ||    11
       Shillelagh        |       |       |    52 |   308 |   385 |   517 |       ||  1262
       War axe           |       |       |       |    34 |   190 |       |       ||   224
       Glaive            |       |       |       |     9 |       |       |       ||     9
       Headbutt          |       |       |       |       |   213 |   422 |   161 ||   796
       Spear             |       |       |       |       |   179 |    91 |   285 ||   555
       Demon whip        |       |       |       |       |     9 |    88 |     9 ||   106
       Short sword       |       |       |       |       |       |    30 |       ||    30
       Unarmed           |       |       |       |       |       |     2 |       ||     2
       Triple sword      |       |       |       |       |       |   263 |   212 ||   475
Throw: Stone             |     2 |    16 |    14 |    65 |    72 |    38 |       ||   207
       Dart              |       |     5 |    12 |    10 |    70 |   169 |    19 ||   285
       Boomerang         |       |       |       |    21 |    18 |   178 |   123 ||   340
       Javelin           |       |       |       |     4 |     2 |    20 |     9 ||    35
Invok: Berserk           |       |     1 |     1 |     3 |     5 |     3 |     3 ||    16
       Trog's Hand       |       |       |       |     2 |     1 |     2 |     1 ||     6
       Brothers in Arms  |       |       |       |     1 |     1 |     4 |     2 ||     8
Evoke: Wand              |       |       |       |     1 |     2 |    19 |       ||    22
       Tin of tremorston |       |       |       |       |       |     2 |       ||     2
       Phial of floods   |       |       |       |       |       |     1 |       ||     1
       Phantom mirror    |       |       |       |       |       |     1 |       ||     1
  Use: Scroll            |     1 |       |     1 |     7 |    15 |    15 |     2 ||    41
       Potion            |       |       |       |     5 |       |       |     1 ||     6
 Stab: Sleeping          |     4 |       |       |     3 |    24 |    24 |    15 ||    70
       Paralysed         |       |       |       |     2 |     4 |     1 |       ||     7
       Distracted        |       |       |       |       |     1 |     8 |     5 ||    14
       Invisible         |       |       |       |       |       |     4 |       ||     4
Armor: Animal skin       |    33 |       |       |       |       |       |       ||    33
       Chain mail        |     3 |   127 |   172 |    10 |       |       |       ||   312
       Troll leather arm |       |       |       |   246 |   229 |   696 |   202 ||  1373
Dodge: Dodged            |    59 |    82 |   120 |   235 |   302 |   909 |   228 ||  1935
Block: Kite shield       |       |       |       |     1 |   328 |       |       ||   329
       Buckler           |       |       |       |       |    73 |   627 |   118 ||   818
